 Dungeon Crawl Stone Soup version 0.29.1-15-g9cfb28693d (webtiles) character file.

Game seed: 13620686752188844416

37 croobank the Caller (level 3, 0/14 HPs)
             Began as a Felid Summoner on Mar 4, 2023.
             Succumbed to an adder's poison
             ... on level 2 of the Dungeon.
             The game lasted 00:03:43 (1346 turns).

croobank the Caller (Felid Summoner)                Turns: 1346, Time: 00:03:43

Health: 0/14       AC:  1    Str:  4    XL:     3   Next: 23%
Magic:  4/7        EV: 18    Int: 18    God:
Gold:   117        SH:  0    Dex: 16    Spells: 3/6 levels left
                                        Lives:  0   Deaths: 0

rFire   . . .      SeeInvis +   (weapon unavailable)
rCold   . . .      Faith    .   (shield unavailable)
rNeg    . . .      Spirit   .   (body armour unavailable)
rPois   .          Reflect  .   (helmet unavailable)
rElec   .          Harm     .   (cloak unavailable)
rCorr   .          Rampage  .   (gloves unavailable)
Will    .....                   (boots unavailable)
Stlth   ++........              (no amulet)
HPRegen 0.04/turn               (no ring)
MPRegen 0.10/turn               (no ring)

@: brilliant, lethally poisoned (0 -> -1), about to teleport, quick
A: very small, claws 1, fangs 3, see invisible, speed 1, shaggy fur 1, stealthy
paws, no weapons or thrown items, no armour, multi-lived
a: no special abilities


You were on level 2 of the Dungeon.
You visited 1 branch of the dungeon, and saw 2 of its levels.

You collected 117 gold pieces.

Inventory:

Scrolls
 e - a scroll of poison
Potions
 a - a potion of magic
 d - a potion of brilliance


   Skills:
 + Level 3.4 Dodging
 + Level 3.4 Stealth
 + Level 2.4 Spellcasting
 + Level 4.3 Summonings


You had 3 spell levels left.
You knew the following spells:

 Your Spells              Type           Power      Damage    Failure   Level
a - Summon Small Mammal   Summ           100%       N/A       3%          1
b - Call Imp              Summ           26%        N/A       4%          2

Your spell library contained the following spells:

 Spells                   Type           Power      Damage    Failure   Level
 Call Canine Familiar     Summ           26%        N/A       9%          3
 Summon Guardian Golem    Hex/Summ       14%        N/A       22%         3
 Dazzling Flash           Conj/Hex       6%         N/A       45%         3
 Summon Lightning Spire   Summ/Air       14%        N/A       56%         4
 Iskenderun's Mystic Bla  Conj/Tloc      3%         2d3       86%         4
 Starburst                Conj/Fire      1%         6d3       100%        6


Dungeon Overview and Level Annotations

Branches:
Dungeon (2/15)

Altars:


Innate Abilities, Weirdness & Mutations

You have sharp claws.
You have razor-sharp teeth.
You have supernaturally acute eyesight. (SInv)
You cover ground quickly. (Speed+)
You are covered in fur. (AC +1)
Your paws help you pounce on unaware monsters.
You are incapable of wielding weapons or throwing items.
You cannot wear armour.
You gain extra lives every three experience levels.


Message History

Confirm with . or Enter, or press ? or * to list all spells.
The adder bites you.
You are poisoned.
The adder poisons you!
Your crimson imp completely misses the adder.
Casting: Summon Small Mammal (safe; 3% risk of failure)
Confirm with . or Enter, or press ? or * to list all spells.
You feel sick. The adder bites you.
You are lethally poisoned!
The adder poisons you!
Your crimson imp hits the adder.
The adder barely misses your crimson imp.
You swap places.
You feel sick.
Your bat misses the adder.
Your crimson imp barely misses the adder.
Your quokka bites the adder but does no damage.
The adder bites your crimson imp.
You feel sick.
Your crimson imp blinks!
The adder misses your quokka.
Your quokka bites the adder.
The adder dies!
It was a potion of cancellation.
You feel magically purged.
* * * LOW HITPOINT WARNING * * *
You feel sick.
Sorry, you're not good enough to have a special ability.
It was a potion of brilliance.
You feel clever all of a sudden.
* * * LOW HITPOINT WARNING * * *
You feel sick.
As you read the scroll labelled CIDGHI OKHEONN, it crumbles to dust.
It is a scroll of identify.
e - a scroll of poison
* * * LOW HITPOINT WARNING * * *
You feel sick.
As you read the scroll labelled DEC LURIATH, it crumbles to dust.
It is a scroll of enchant armour.
You aren't carrying any armour which can be enchanted further.
* * * LOW HITPOINT WARNING * * *
You feel sick.
As you read the scroll labelled PAIFFIEN IWED, it crumbles to dust.
You feel strangely unstable.
It was a scroll of teleportation.
You die...

#### # #.#. ...# .
#.#. #..#.# ###.#.
#..#.#### ##.#.##
#......####........
.......
#.#................
####### #..... #@#
.# ########
#..#.#####b# .#
#.......
#........5r##.#
#)######
#.#.#..[..†...#
.......
#......###.##.##
.###### #..#####
#.##.# #. #.##.# #
#.##.#
#.##.#############


You could see a friendly crimson imp (summoned), a friendly quokka (summoned)
and a friendly bat (summoned).

Vanquished Creatures
  An endoplasm (D:2)
  A hobgoblin (D:2)
  A bat (D:1)
  2 rats (D:1)
5 creatures vanquished.

Vanquished Creatures (collateral kills)
  An adder (D:2)
  A dart slug (D:1)
  An endoplasm (D:1)
  3 giant cockroaches (D:1)
  4 goblins (D:1)
  4 hobgoblins (D:1)
  A quokka (D:1)
  A ball python (D:1)
  3 frilled lizards (D:1)
19 creatures vanquished.

Vanquished Creatures (others)
  3 plants (D:1)
3 creatures vanquished.

Grand Total: 27 creatures vanquished

Notes
Turn   | Place    | Note
-------+----------+-------------------------------------------
     0 | D:1      | croobank the Felid Summoner began the quest for the Orb.
     0 | D:1      | Reached XP level 1. HP: 7/7 MP: 4/4
   437 | D:1      | Reached XP level 2. HP: 9/11 MP: 4/6
   443 | D:1      | Found a faded altar of an unknown god.
   448 | D:1      | Learned a level 2 spell: Call Imp
  1326 | D:2      | Reached XP level 3. HP: 14/14 MP: 7/7
  1346 | D:2      | Succumbed to an adder's poison

Illustrated notes

Levels and vault maps discovered:
D:1:      dpeg_arrival_long_road, layout_basic,
          shapermc_ecumenical_altar_mp_ritualfount, dreamdust_wishing_well
D:2:      layout_loops_ring

Skill      XL: |  1 |
---------------+----+-----
Dodging        | 3 |  3.4
Stealth        | 3 |  3.4
Spellcasting   | |  2.4
Summonings     | |  4.3

Action                   || total
-------------------------++-------
Melee: Unarmed           ||    19
       Punch             ||     1
       Bite              ||     1
 Cast: Summon Small Mamm ||    29
       Call Imp          ||     7
  Use: Scroll            ||     3
       Potion            ||     2
 Stab: Sleeping          ||     2
Armor: Skin              ||     1
Dodge: Dodged            ||    28
